 Dungeon Crawl Stone Soup version 0.29.0-4-gdea44cf6ec (webtiles) character file.

Game seed: 4870944489730150130

86 qw the Ruffian (level 4, 0/35 HPs)
             Began as a Ghoul Fire Elementalist on Aug 29, 2022.
             Slain by a gnoll
             ... wielding a +0 spear
              (2 damage)
             ... on level 3 of the Dungeon.
             The game lasted 00:01:50 (2124 turns).

qw the Ruffian (Ghoul Fire Elementalist)            Turns: 2124, Time: 00:01:51

Health: 0/35       AC:  6    Str: 13    XL:     4   Next: 50%
Magic:  5/5        EV:  9    Int: 10    God:
Gold:   113        SH:  0    Dex:  9    Spells: 5/6 levels left

rFire   . . .      SeeInvis .     - Unarmed
rCold   + + .      Faith    .   (no shield)
rNeg    + + +      Spirit   .   e - +0 scale mail
rPois   inf        Reflect  .   (no helmet)
rElec   .          Harm     .   (no cloak)
rCorr   .          Rampage  .   (no gloves)
Will    .....                   (no boots)
Stlth   ..........              (no amulet)
HPRegen 0.00/turn               g - ring of protection from cold
MPRegen 0.09/turn               (no ring)

@: inhibited regen
A: claws 1, cold resistance 1, negative energy resistance 3, inhibited
regeneration, torment resistance 2, devour on kill
a: no special abilities


You were on level 3 of the Dungeon.
You visited 1 branch of the dungeon, and saw 3 of its levels.

You collected 113 gold pieces.


Innate Abilities, Weirdness & Mutations

You are immune to poison.
You have sharp fingernails.
Your flesh is cold resistant. (rC+)
You are immune to negative energy. (rN+++)
You do not regenerate when monsters are visible.
You are immune to unholy pain and torment.
You thrive by killing the living.


   Skills:
 + Level 1.5 Fighting
 - Level 1.7 Dodging
 - Level 2.1 Stealth
 - Level 4.0 Unarmed Combat
 - Level 1.7 Spellcasting
 - Level 0.7 Conjurations
 - Level 2.4 Fire Magic


You had 5 spell levels left.
You knew the following spells:

 Your Spells              Type           Power      Damage    Failure   Level
a - Foxfire               Conj/Fire      16%        2x1d4     63%         1

Your spell library contained the following spells:

 Spells                   Type           Power      Damage    Failure   Level
 Scorch                   Fire           10%        2d5       65%         2
 Conjure Flame            Conj/Fire      4%         6-21      94%         3
 Inner Flame              Hex/Fire       3%         N/A       96%         3
 Flame Wave               Conj/Fire      4%         2d5       100%        4

Inventory:

Armour
 b - a +1 ring mail of cold resistance
 e - a +0 scale mail (worn)
Jewellery
 g - a ring of protection from cold (left claw)
Potions
 a - a potion of heal wounds {unknown}
 c - a potion of ambrosia {unknown}
 d - 2 potions of curing {unknown}
 f - a potion of attraction {unknown}
 h - a potion of degeneration {unknown}
 i - a potion of berserk rage {unknown}
 j - a potion of might {unknown}

Dungeon Overview and Level Annotations

Branches:
Dungeon (3/15)

Altars:


Message History

Enter note: A gnoll comes into view. It is wielding a +0 spear.
Found a dagger.
The gnoll throws a throwing net.
The throwing net hits you.
You become entangled in the net!
You see here a throwing net.
You struggle against the net.
You tear a large gash into the net.
You struggle against the net.
You rip the net and break free!
The gnoll misses you.
The gnoll hits you from afar with a +0 spear.
You scratch the gnoll but do no damage.
The gnoll hits you but does no damage. x3
You scratch the gnoll.
The gnoll is moderately wounded.
The gnoll hits you from afar with a +0 spear.
The gnoll hits you with a +0 flail!
The gnoll hits you from afar with a +0 spear.
You scratch the gnoll.
The gnoll is heavily wounded.
You claw the gnoll!
You kill the gnoll!
You feel better.
The gnoll hits you from afar with a +0 spear.
The gnoll hits you but does no damage. The gnoll closely misses you.
The gnoll barely misses you.
You scratch the gnoll.
The gnoll is heavily wounded.
The gnoll barely misses you. The gnoll misses you.
You closely miss the gnoll.
The gnoll is heavily wounded.
The gnoll closely misses you. The gnoll hits you but does no damage.
You scratch the gnoll but do no damage.
The gnoll is heavily wounded.
The gnoll hits you with a +0 spear. x2
You closely miss the gnoll.
The gnoll is heavily wounded.
The gnoll hits you with a +0 spear. x2
You die...

#.#........ ....## ...
#........ .....#..#
#........ . ........
#........ .. #......##
##....... .. #..#.#..#
##....<# #.
.....<.####..####. #..
#gg......#........
.##...#@..........######
).......)...........#
.####..#.....#.#..#.#
.....#.##..#.#.##.#
..........#..#.#.##.####
...............%.%.....#
......#..............#.#
.......#................
............#...........


You could see 2 gnolls.

Vanquished Creatures
  A gnoll (D:3)
  3 adders
  2 worms (D:2)
  2 dart slugs
  An orc (D:3)
  4 endoplasms
  2 giant cockroaches
  4 hobgoblins
  2 quokkas
  3 ball pythons
  2 bats
  4 frilled lizards
  5 goblins
  2 kobolds
  5 rats
42 creatures vanquished.

Notes
Turn   | Place    | Note
-------+----------+-------------------------------------------
     0 | D:1      | qw the Ghoul Fire Elementalist began the quest for the Orb.
     0 | D:1      | Reached XP level 1. HP: 14/14 MP: 2/2
     0 | D:1      | 0 ||| qw: Version: 0.1-a-90-g952f4b7
     0 | D:1      | 0 ||| qw: Game counter: 3799
     0 | D:1      | 0 ||| qw: Always use a shield: true
     0 | D:1      | 0 ||| qw: God list: Okawaru
     0 | D:1      | 0 ||| qw: Allow faded altars: false
     0 | D:1      | 0 ||| qw: Do Orc after D:15 true
     0 | D:1      | 0 ||| qw: Do second Lair branch before Depths: true
     0 | D:1      | 0 ||| qw: Lair rune preference: random
     0 | D:1      | 0 ||| qw: Plans: Normal
     0 | D:1      | 0 ||| PLANNING D:1-11
    66 | D:1      | Found a faded altar of an unknown god.
   133 | D:1      | Reached skill level 1 in Unarmed Combat
   342 | D:1      | Reached skill level 1 in Fighting
   342 | D:1      | Reached XP level 2. HP: 23/23 MP: 3/3
   353 | D:1      | 353 ||| Stepping ~*~*~tactically~*~*~ (stealth).
   354 | D:1      | 354 ||| Stepping ~*~*~tactically~*~*~ (stealth).
   366 | D:1      | 366 ||| DROPPING potion of magic.
   367 | D:1      | 367 ||| Stepping randomly (stuck).
   368 | D:1      | 368 ||| Stepping randomly (stuck).
   369 | D:1      | 369 ||| Stepping randomly (stuck).
   417 | D:1      | 417 ||| Stepping ~*~*~tactically~*~*~ (hiding).
   700 | D:1      | 700 ||| UPGRADING to +0 scale mail.
   713 | D:1      | 713 ||| UPGRADING to +0 robe.
   718 | D:1      | 718 ||| UPGRADING to +0 scale mail.
   728 | D:1      | 728 ||| DROPPING +0 robe.
   835 | D:1      | 835 ||| READING scroll labelled KATREI NYWUR.
   946 | D:2      | Reached skill level 2 in Unarmed Combat
  1001 | D:2      | Reached XP level 3. HP: 21/28 MP: 4/4
  1122 | D:2      | Reached skill level 3 in Unarmed Combat
  1297 | D:2      | Identified the +7 falchion of the Brain {flame, *Rage rElec
                  | MP+9}
  1303 | D:2      | 1303 ||| Stepping ~*~*~tactically~*~*~ (stealth).
  1549 | D:2      | Reached XP level 4. HP: 35/35 MP: 5/5
  1985 | D:2      | 1985 ||| UPGRADING to ring of protection from cold.
  1986 | D:2      | 1986 ||| READING scroll labelled ALUSAT XOSU.
  2090 | D:3      | Reached skill level 4 in Unarmed Combat
  2123 | D:3      | HP: 7/35 [gnoll/+0 spear (2)]
  2124 | D:3      | HP: 2/35 [gnoll/+0 spear (5)]
  2124 | D:3      | Slain by a gnoll

Levels and vault maps discovered:
D:1:      dpeg_arrival_orchard, layout_rooms, ebering_ecumenical_altar_mist,
          serial_glass, glass_columns_a, glass_columns_a, minivault_4
D:2:      layout_loops_ring
D:3:      layout_rooms, serial_bayou_pond_d

Skill      XL: |  1  2  3  4 |
---------------+-------------+-----
Unarmed Combat | 1 2 3 4 |  4.0
Fighting       | 1 |  1.5
Dodging        | |  1.7
Stealth        | |  2.1
Spellcasting   | |  1.7
Conjurations   | |  0.7
Fire Magic     | |  2.4

Action                   |  1- 3 |  4- 6 || total
-------------------------+-------+-------++-------
Melee: Unarmed           |   135 |    45 ||   180
       Punch             |     2 |       ||     2
  Use: Scroll            |     1 |     1 ||     2
Armor: Robe              |     4 |       ||     4
       Scale mail        |    34 |    17 ||    51
Dodge: Dodged            |    56 |    14 ||    70

Table legend:
 A = Non-vault XP
 B = Vault XP
 C = Vault XP percentage of total XP
 D = Non-vault monster count
 E = Vault monster count
 F = Vault count percentage of total count
                 A         B        C        D         E       F
            +---------+---------+-------+---------+---------+-------
      Total |     124 |       0 |   0.0 |      42 |       0 |   0.0
            +---------+---------+-------+---------+---------+-------
        D:1 |      22 |       0 |   0.0 |      14 |       0 |   0.0
        D:2 |      71 |       0 |   0.0 |      24 |       0 |   0.0
        D:3 |      31 |       0 |   0.0 |       4 |       0 |   0.0
            +---------+---------+-------+---------+---------+-------
